 Dungeon Crawl Stone Soup version 0.31-a0-1144-g99969ba1bc (webtiles) character file.

Game seed: 8524039992776162686

21886 Dirtsage the Geomancer (level 12, 0/77 HPs)
             Began as a Gargoyle Earth Elementalist on Dec 5, 2023.
             Was an Elder of Vehumet.
             Killed from afar by an oklob plant (22 damage)
             ... with a splash of acid
             ... on level 1 of the Lair of Beasts on Dec 6, 2023.
             The game lasted 00:41:35 (11829 turns).

Dirtsage the Geomancer (GrEE)                      Turns: 11829, Time: 00:41:36

Health: 0/77       AC: 14    Str: 12    XL:     12   Next: 94%
Magic:  10/24      EV: 11    Int: 27    God:    Vehumet [****..]
Gold:   620        SH:  0    Dex: 10    Spells: 13/28 levels left

rFire   + . .        U - +1 demon blade (elec)
rCold   . . .        (no shield)
rNeg    + . .        Q - +0 troll leather armour
rPois   ∞            W - +1 hat {Stlth+}
rElec   +            (no cloak)
rCorr   .            J - +0 pair of gloves
SInv    .            D - +0 pair of boots
Will    .....        E - amulet of regeneration
Stlth   ++++         n - +6 ring of intelligence
HPRegen 1.92/turn    O - ring "Sautuame" {rElec rF+ Slay+4 Stlth+}
MPRegen 0.19/turn

%: no passive effects
@: no status effects
A: sickness immunity, AC +8, negative energy resistance 1, electricity
resistance, torment resistance 1, petrification resistance
a: Renounce Religion


You were on level 1 of the Lair of Beasts.
You worshipped Vehumet.
Vehumet was greatly pleased with you.
You visited 3 branches of the dungeon, and saw 13 of its levels.
You also visited: Bailey.

You collected 1074 gold pieces.
You spent 454 gold pieces at shops.

Inventory:

Hand Weapons
 k - a +1 whip of electrocution
 U - a +1 demon blade of electrocution (weapon)
Missiles
 u - a throwing net
 w - 2 curare-tipped darts
Armour
 a - the +1 chain mail of the Endless Expanse {rC+ Regen+ Str+2}
   (You found it on level 11 of the Dungeon)

   Str+2:     It affects your strength (+2).
   rC+:       It protects you from cold.
   Regen+:    It increases your rate of health regeneration.
 v - a +0 buckler
 D - a +0 pair of boots (worn)
 J - a +0 pair of gloves (worn)
 M - a +2 chain mail of fire resistance
 N - a +3 ring mail of cold resistance
 Q - a +0 troll leather armour (worn)
 W - a +1 hat of stealth (worn)
Magical Staves
 T - a staff of earth
Jewellery
 n - a +6 ring of intelligence (left hand)
 E - an amulet of regeneration (around neck)
 L - an amulet of reflection
 O - the ring "Sautuame" (right hand) {rElec rF+ Slay+4 Stlth+}
   (You found it in a bailey)

   [ring of slaying]

   Slay+4:    It affects your accuracy & damage with ranged weapons and melee
   (+4).
   rF+:       It protects you from fire.
   rElec:     It insulates you from electricity.
   Stlth+:    It makes you more stealthy.
Wands
 C - a wand of acid (4)
 H - a wand of iceblast (8)
 V - a wand of flame (9)
Scrolls
 i - 2 scrolls of identify
 j - a scroll of summoning
 r - a scroll of silence
 s - 2 scrolls of immolation
 t - 2 scrolls of teleportation
 x - 2 scrolls of poison
 y - 3 scrolls of fog
 z - 2 scrolls of enchant weapon
 F - a scroll of torment
 G - a scroll of amnesia
 I - 2 scrolls of enchant armour
Potions
 b - a potion of magic
 c - a potion of berserk rage {unknown}
 d - a potion of might
 e - 3 potions of invisibility
 f - 2 potions of brilliance {unknown}
 g - 2 potions of attraction {unknown}
 h - 3 potions of resistance {unknown}
 l - 2 potions of heal wounds
 m - a potion of cancellation {unknown}
 o - a potion of experience {unknown}
 p - a potion of mutation {unknown}
 q - 4 potions of curing
 A - 4 potions of lignification
 B - 3 potions of ambrosia {unknown}
 K - 2 potions of enlightenment {unknown}
 P - a potion of haste {unknown}
Miscellaneous
 R - a box of beasts
 S - a lightning rod (4/4)


   Skills:
 - Level 10.1 Fighting
 - Level 1.5 Dodging
 - Level 2.1 Stealth
 + Level 6.0 Shields
 + Level 8.5 Spellcasting
 + Level 9.7 Conjurations
 - Level 0.7 Transmutations
 + Level 6.6 Ice Magic
 + Level 5.5 Air Magic
 - Level 11.8 Earth Magic


You had 13 spell levels left.
You knew the following spells:

 Your Spells              Type           Power      Damage    Failure   Level
a - Sandblast             Erth           100%       2d20      1%          1
b - Freezing Cloud        Conj/Ice/Air   25%        6-21      2%          5
c - Frozen Ramparts       Ice            94%        1d15      1%          3
x - Stone Arrow           Conj/Erth      100%       3d13      1%          3
A - Ozocubu's Armour      Ice            47%        N/A       1%          3

Your spell library contained the following spells:

 Spells                   Type           Power      Damage    Failure   Level
 Hailstorm                Conj/Ice       54%        3d11      1%          3
 Passwall                 Tmut/Erth      37%        N/A       1%          2
 Swiftness                Air            41%        N/A       1%          3
 Brom's Barrelling Bould  Conj/Erth      63%        2d8       1%          4
 Ensorcelled Hibernation  Hex/Ice        58%        N/A       2%          2
 Ignite Poison            Fire/Tmut/Pois 12%        N/A       4%          3
 Petrify                  Tmut/Erth      45%        N/A       4%          4
 Lesser Beckoning         Tloc           22%        N/A       10%         2
 Gell's Gravitas          Tloc           11%        N/A       19%         3
 Teleport Other           Tloc           11%        N/A       19%         3
 Metabolic Englaciation   Hex/Ice        14%        N/A       41%         5
 Simulacrum               Ice/Necr       14%        N/A       94%         6
 Haunt                    Necr/Summ      5%         N/A       100%        7
 Malign Gateway           Summ/Tloc      5%         N/A       100%        7
 Cigotuvi's Dreadful Rot  Necr/Pois/Air  Unusable   N/A       N/A         2

Dungeon Overview and Level Annotations

Branches:
Dungeon (11/15)            Temple (1/1) D:6            Lair (1/5) D:11
    Orc (0/2) D:10         Bailey (visited)

Altars:
Ashenzari
Cheibriados
Dithmenos
Elyvilon
Fedhas
Gozag
Hepliaklqana
Kikubaaqudgha
Makhleb
Nemelex Xobeh
Okawaru
Qazlal
Ru
Sif Muna
Trog
Uskayaw
Vehumet
Wu Jian
Xom
Yredelemnul
Zin
The Shining One

Shops:
D:6 *   D:8 :*   D:11 !![(

Portals:
Trove: D:11 (give horn of Geryon)

Annotations:
D:3 exclusion: oklob plant
D:10 1 runed translucent door, Wired's ghost, journeyman MfSh
Lair:1 exclusion: oklob plant


Innate Abilities, Weirdness & Mutations

You are immune to sickness and miasma.
Your stone body is resilient. (AC +8)
You are immune to poison.
You resist negative energy. (rN+)
You are resistant to electric shocks. (rElec)
You are resistant to unholy torment.
You are immune to petrification.


Message History

Okay, then.
Casting: Freezing Cloud (dangerous; 2% risk of failure)
Confirm with . or Enter, or press ? or * to list all spells.
Aiming: Freezing Cloud (dangerous; 2% risk of failure)
Press: ? - help, Dir - move target You are engulfed in freezing vapours.
The oklob plant is engulfed in freezing vapours.
You take 25 damage, and have 52/77 hp.
MASSIVE DAMAGE!!
You now have 19/24 mp.
Casting: Freezing Cloud (dangerous; 2% risk of failure)
Confirm with . or Enter, or press ? or * to list all spells.
Aiming: Stone Arrow (safe; 1% risk of failure)
Press: ? - help, Shift-Dir - straight line, f - oklob plant
Aim: an oklob plant (freezing vapour, moderately damaged, 100% to hit)
The stone arrow hits the oklob plant!
The oklob plant is moderately damaged.
You are engulfed in freezing vapours.
The oklob plant is engulfed in freezing vapours.
You take 11 damage, and have 41/77 hp.
You now have 16/24 mp.
Casting: Stone Arrow (safe; 1% risk of failure)
Confirm with . or Enter, or press ? or * to list all spells.
Aiming: Stone Arrow (safe; 1% risk of failure)
Press: ? - help, Shift-Dir - straight line, f/p - oklob plant
Aim: an oklob plant (freezing vapour, heavily damaged, 100% to hit)
The stone arrow hits the oklob plant!!
The oklob plant is severely damaged.
You are engulfed in freezing vapours.
You take 7 damage, and have 34/77 hp.
You now have 13/24 mp.
Casting: Stone Arrow (safe; 1% risk of failure)
Confirm with . or Enter, or press ? or * to list all spells.
Aiming: Stone Arrow (safe; 1% risk of failure)
Press: ? - help, Shift-Dir - straight line, f/p - oklob plant
Aim: an oklob plant (freezing vapour, severely damaged, 100% to hit)
The stone arrow hits the oklob plant.
The oklob plant is almost destroyed.
You are engulfed in freezing vapours.
* * * LOW HITPOINT WARNING * * *
The oklob plant is engulfed in freezing vapours.
The oklob plant spits acid at you. The splash of acid hits you!!
You die...

♣♣♣ ♣♣♣♣♣♣♣.♣♣ ♣♣§§P
♣.♣.♣ ♣§§§♣♣♣♣.♣♣
###
♣§$@§♣♣.♣.♣######.##
♣$♣♣.♣.♣♣.♣.........
♣ ♣♣.♣.♣♣..........
♣♣.♣♣♣♣.........
♣♣♣♣♣♣♣♣♣..........
#..................
##..................
#...................
#.####.###.###.##.##


You could see an oklob plant.

Vanquished Creatures
  Gastronok (Lair:1)
  Erica (D:9)
  2 centaur warriors (D:11)
  3 two-headed ogres
  Sonja (Lair:1)
  An ugly thing (D:9)
  2 deep elf pyromancers
  An orc knight (Bailey)
  An oklob plant (Lair:1)
  3 cyclopes (D:11)
  3 manticores
  3 gargoyles
  A cane toad (shapeshifter) (D:11)
  3 cane toads (Lair:1)
  Jeremiah (D:7)
  A rime drake (Lair:1)
  An efreet (D:11)
  3 komodo dragons
  5 trolls
  Grinder (D:6)
  A vampire (D:11)
  2 wraiths
  3 steam dragons
  6 yaks (D:8)
  2 basilisks
  5 vampire mosquitoes (D:11)
  An acid dragon (D:10)
  4 water moccasins
  A sky beast (D:8)
  14 orc warriors
  4 ice beasts
  2 black bears
  2 centaurs
  An ogre (D:5)
  2 kobold brigands (D:6)
  3 bullfrogs
  A gnoll sergeant (D:5)
  4 scorpions
  3 wights (D:7)
  12 killer bees
  2 howler monkeys (D:7)
  2 hounds (D:5)
  4 orc priests
  A gnoll bouda (D:7)
  A jelly (D:5)
  5 iguanas
  A sleepcap (D:6)
  12 orc wizards
  11 gnolls
  10 adders
  A shadow imp (D:6)
  2 ufetubi (D:7)
  2 dart slugs
  51 orcs
  5 bats
  A bat zombie (D:5)
  5 endoplasms
  3 giant cockroaches
  3 goblins
  9 hobgoblins
  3 jackals (D:5)
  6 quokkas
  8 ball pythons
  6 frilled lizards
  20 kobolds
  8 rats
  A rat zombie (D:5)
294 creatures vanquished.

Notes
Turn   | Place    | Note
-------+----------+-------------------------------------------
     0 | D:1      | Dirtsage the Gargoyle Earth Elementalist began the quest
                  | for the Orb.
     0 | D:1      | Reached XP level 1. HP: 10/10 MP: 3/3
   287 | D:1      | Reached XP level 2. HP: 16/16 MP: 1/5
   377 | D:1      | Reached skill level 1 in Fighting
   377 | D:1      | Reached skill level 4 in Earth Magic
   614 | D:1      | Reached XP level 3. HP: 14/20 MP: 0/6
   977 | D:2      | Reached skill level 1 in Conjurations
  1078 | D:2      | You fall into a shaft and drop 1 floor!
  1452 | D:2      | Reached XP level 4. HP: 26/26 MP: 5/7
  1770 | D:2      | Learned a level 3 spell: Stone Arrow
  1901 | D:3      | Found a shadowy altar of Dithmenos.
  2015 | D:3      | Reached XP level 5. HP: 29/31 MP: 2/8
  2019 | D:3      | Reached skill level 5 in Earth Magic
  2478 | D:3      | Found a blossoming altar of Fedhas.
  2497 | D:3      | Noticed an oklob plant
  2955 | D:4      | Noticed an ice beast
  2966 | D:4      | Killed an ice beast
  2967 | D:4      | Reached XP level 6. HP: 38/38 MP: 1/10
  3374 | D:4      | Found a hazy altar of Hepliaklqana.
  3375 | D:4      | Found a shimmering altar of Xom.
  3376 | D:4      | Noticed a spectral ugly thing
  3406 | D:4      | Reached skill level 6 in Earth Magic
  3540 | D:4      | Reached XP level 7. HP: 44/44 MP: 3/11
  3778 | D:5      | Entered Level 5 of the Dungeon
  3807 | D:5      | Found an ancient bone altar of Kikubaaqudgha.
  4069 | D:5      | Reached skill level 5 in Fighting
  4510 | D:5      | Reached skill level 7 in Earth Magic
  4679 | D:5      | Reached XP level 8. HP: 50/50 MP: 8/13
  4918 | D:6      | Found a bloodstained altar of Trog.
  5006 | D:6      | Found a glowing silver altar of Zin.
  5080 | D:6      | Found a staircase to the Ecumenical Temple.
  5096 | Temple   | Entered the Ecumenical Temple
  5111 | Temple   | Became a worshipper of Vehumet
  5168 | D:6      | Found Tilavexa's Mayhem Merchandise.
  5328 | D:6      | Noticed Grinder
  5335 | D:6      | Reached skill level 8 in Earth Magic
  5339 | D:6      | Killed Grinder
  5518 | D:6      | Reached XP level 9. HP: 51/56 MP: 5/15
  5798 | D:6      | Reached skill level 9 in Earth Magic
  6126 | D:7      | Reached skill level 5 in Conjurations
  6398 | D:7      | Reached * piety under Vehumet
  6398 | D:7      | Offered knowledge of Shock by Vehumet.
  6475 | D:7      | Noticed Jeremiah
  6479 | D:7      | Killed Jeremiah
  6480 | D:7      | Reached skill level 5 in Spellcasting
  6621 | D:7      | Reached skill level 10 in Earth Magic
  6934 | D:7      | Noticed a gargoyle
  6943 | D:7      | Killed a gargoyle
  6944 | D:7      | Reached XP level 10. HP: 65/65 MP: 10/18
  7044 | D:8      | Found Unibbom's Mail-Order Catalogue.
  7182 | D:8      | Reached skill level 11 in Earth Magic
  7541 | D:8      | Found Icuevawn's Book Emporium.
  7548 | D:8      | Saving game... please wait.
  7548 | D:8      | Upgraded the game from 0.31-a0-1134-gb247575874 to
                  | 0.31-a0-1144-g99969ba1bc
  7550 | D:8      | Bought a Trismegistus Codex for 286 gold pieces
  7730 | D:9      | Noticed a manticore
  7738 | D:9      | Killed a manticore
  7739 | D:9      | Reached skill level 1 in Shields
  7739 | D:9      | Reached skill level 1 in Ice Magic
  7811 | D:9      | Noticed Erica
  7829 | D:9      | Killed Erica
  7830 | D:9      | Reached skill level 1 in Air Magic
  7942 | D:9      | Reached ** piety under Vehumet
  7942 | D:9      | Offered knowledge of Scorch by Vehumet.
  7985 | D:9      | Learned a level 5 spell: Freezing Cloud
  7988 | D:9      | Found a flagged portal.
  8002 | Bailey   | Entered a bailey
  8042 | Bailey   | Reached XP level 11. HP: 72/72 MP: 16/20
  8174 | Bailey   | Noticed an orc knight
  8299 | Bailey   | Killed an orc knight
  8300 | Bailey   | Reached skill level 10 in Fighting
  8317 | Bailey   | Found a large runed translucent door.
  8317 | Bailey   | Found a large runed translucent door.
  8318 | Bailey   | Noticed a deep elf pyromancer
  8341 | Bailey   | Killed a deep elf pyromancer
  8360 | Bailey   | Identified the ring "Sautuame" {rElec rF+ Slay+4 Stlth+}
  8510 | D:9      | Found an iron altar of Okawaru.
  8541 | D:9      | Noticed a red ugly thing
  8550 | D:9      | Killed a red ugly thing
  8817 | D:10     | Entered Level 10 of the Dungeon
  8842 | D:10     | Found a runed translucent door.
  8846 | D:10     | Noticed Wired's ghost (journeyman MfSh)
  8924 | D:10     | Offered knowledge of Static Discharge by Vehumet.
  8977 | D:10     | Noticed a two-headed ogre
  9268 | D:10     | Reached *** piety under Vehumet
  9376 | D:10     | Found a staircase to the Orcish Mines.
  9909 | D:10     | Killed a two-headed ogre
  9968 | D:11     | Found Wedyfetim's Armour Emporium.
  9978 | D:11     | Noticed a cyclops
  9984 | D:11     | Killed a cyclops
  9984 | D:11     | Offered knowledge of Frozen Ramparts by Vehumet.
  9989 | D:11     | Learned a level 3 spell: Frozen Ramparts
 10074 | D:11     | Found Epep's Weapon Boutique.
 10089 | D:11     | Found a staircase to the Lair.
 10159 | D:11     | Noticed a manticore
 10164 | D:11     | Killed a manticore
 10238 | D:11     | Found Pothrodo's Distillery.
 10294 | D:11     | Reached XP level 12. HP: 77/77 MP: 16/23
 10393 | D:11     | Reached skill level 5 in Ice Magic
 10540 | D:11     | Noticed a centaur warrior
 10542 | D:11     | Noticed a centaur warrior
 10543 | D:11     | Killed a centaur warrior
 10548 | D:11     | Reached **** piety under Vehumet
 10552 | D:11     | Noticed a two-headed ogre
 10554 | D:11     | Killed a centaur warrior
 10588 | D:11     | Killed a two-headed ogre
 10742 | D:11     | Found an ancient bone altar of Kikubaaqudgha.
 10746 | D:11     | Offered knowledge of Hailstorm by Vehumet.
 10768 | D:11     | Reached skill level 5 in Shields
 10778 | D:11     | Identified the +1 chain mail of the Endless Expanse {rC+
                  | Regen+ Str+2}
 10786 | D:11     | Got the Vellum of Despicable Words and Companions
 10860 | D:11     | Found Dosakkuy's Distillery.
 10873 | D:11     | Bought a potion of curing for 36 gold pieces
 10873 | D:11     | Bought a potion of curing for 36 gold pieces
 10873 | D:11     | Bought a potion of invisibility for 96 gold pieces
 10978 | D:11     | Noticed a two-headed ogre
 10985 | D:11     | Killed a two-headed ogre
 10986 | D:11     | Reached skill level 5 in Air Magic
 11172 | D:11     | Found a portal to a secret trove of treasure.
 11304 | Lair:1   | Entered Level 1 of the Lair of Beasts
 11317 | Lair:1   | Learned a level 3 spell: Ozocubu's Armour
 11325 | Lair:1   | Noticed Sonja
 11401 | Lair:1   | Noticed Gastronok
 11415 | Lair:1   | Killed Gastronok
 11525 | Lair:1   | Killed Sonja
 11749 | Lair:1   | Found a blossoming altar of Fedhas.
 11829 | Lair:1   | Killed from afar by an oklob plant

Illustrated notes

Levels and vault maps discovered:
D:1:      ldierk_walled_garden, layout_basic
D:2:      layout_loops_ring
D:3:      layout_basic, tgw_fedhas, lemuel_tele_altar, serial_rivers,
          chequers_serial_rivers_small_a, chequers_serial_rivers_micro_d,
          chequers_serial_rivers_room_a, chequers_serial_rivers_micro_c,
          chequers_serial_rivers_micro_a, saegor_snake_ambush
D:4:      layout_loops_ring, regret_index_temple_of_mockery
D:5:      layout_loops_ring, lemuel_zombie_altar_kikubaaqudgha
D:6:      layout_cave_pods, zin_scriptorium, mainiacjoe_overflow_tiny_flanked,
          temple_pool_b, minmay_shop_mayhem, kennysheep_generic_room_10,
          uniq_grinder
D:7:      layout_basic, uniq_jeremiah
D:8:      layout_loops_ring, serial_shops, shop, serial_glass, glass_columns_b,
          glass_columns_a, monkooky_shop_mail_order
D:9:      layout_cave_pools, okawaru_ov_weapons_minmay, enter_bailey_2,
          uniq_erica
D:10:     layout_basic, david_orc_4, hellmonk_ghost_happy_afterlife
D:11:     layout_loops_cross, david_lair_shrubbed, serial_shops, shop,
          nicolae_shop_behind_doors, shop, nicolae_shop_industrial_runoff,
          enter_trove_3, minmay_misc_feat_enclosed,
          minmay_the_grid_square_5x5_3x3_mashed [minmay_the_grid_square_5x5_c,
          minmay_the_grid_square_5x5_shrine1,
          minmay_the_grid_square_5x5_minivault, minmay_the_grid_square_5x5_bite,
          minmay_the_grid_square_5x5_megaprize_diamond,
          minmay_the_grid_square_5x5_moneybag,
          minmay_the_grid_square_5x5_half_checkered,
          minmay_the_grid_square_5x5_checkered,
          minmay_the_grid_square_5x5_two_small]
Temple:   nicolae_temple_ecumenical_triangle
Lair:1:   layout_hall_layers, minivault_25, hangedman_tree_tricks,
          uniq_gastronok, uniq_sonja

Skill      XL: |  1  2  3  4  5  6  7  8  9 10 11 12 |
---------------+-------------------------------------+-----
Fighting       | 1 2 3 4 5 6 8 9 10 | 10.1
Earth Magic    | 4 5 6 7 8 10 11 | 11.8
Conjurations   | 1 2 3 4 5 6 8 9 |  9.7
Spellcasting   | 3 4 5 6 7 8 |  8.5
Shields        | 2 3 6 |  6.0
Ice Magic      | 2 4 6 |  6.6
Air Magic      | 1 4 5 |  5.5
Dodging        | |  1.5
Stealth        | |  2.1
Transmutations | |  0.7

Action                     |  1- 3 |  4- 6 |  7- 9 | 10-12 || total
---------------------------+-------+-------+-------+-------++-------
  Melee: Unarmed           |    13 |       |       |       ||    13
         Whip              |    27 |    30 |    70 |    51 ||   178
         Punch             |       |       |     2 |     2 ||     4
         Demon blade       |       |       |       |    20 ||    20
   Cast: Sandblast         |    51 |    48 |    85 |   154 ||   338
         Stone Arrow       |       |     6 |    30 |    92 ||   128
         Freezing Cloud    |       |       |       |    19 ||    19
         Frozen Ramparts   |       |       |       |     9 ||     9
    Use: Scroll            |       |       |    10 |     5 ||    15
         Potion            |       |       |       |     2 ||     2
   Stab: Sleeping          |     1 |       |       |       ||     1
 Armour: Robe              |    43 |    25 |    73 |   139 ||   280
         Troll leather arm |       |       |       |    48 ||    48
  Dodge: Dodged            |    43 |    29 |    51 |   111 ||   234

Table legend: (Time is in decaauts)
 A = Elapsed time spent in this place.
 B = Non-inter-level travel time spent in this place.
 C = Inter-level travel time spent in this place.
 D = Time resting spent in this place.
 E = Time spent auto-exploring this place.
 F = Levels seen in this place.
 G = Mean time per level.
                   A        B        C        D        E       F      G
               +--------+--------+--------+--------+--------+-----+--------+
         Total |  12069 |  11803 |    266 |    205 |   8623 |  14 |  862.1 |
       Dungeon |  11068 |  10830 |    238 |    113 |   8277 |  11 | 1006.2 |
        Temple |     30 |      2 |     28 |      0 |      0 |   1 |   30.0 |
          Lair |    533 |    533 |      0 |      0 |    300 |   1 |  533.0 |
        Bailey |    436 |    436 |      0 |     92 |     46 |   1 |  436.0 |
               +--------+--------+--------+--------+--------+-----+--------+

Top non-repeatable levels by time:
    D:11: 1388 daAuts
     D:6: 1241 daAuts
    D:10: 1158 daAuts
     D:3: 1106 daAuts
     D:5: 1089 daAuts
     D:7: 957 daAuts
     D:4: 953 daAuts
     D:1: 906 daAuts
     D:2: 894 daAuts
     D:9: 696 daAuts
     D:8: 676 daAuts
  Lair:1: 533 daAuts
  Bailey: 436 daAuts
  Temple: 30 daAuts
